 Dungeon Crawl Stone Soup version 0.28.0-47-ge53b351184 (webtiles) character file.

Game seed: 3594641785734018012

19 Icepheonix32 the Chiller (level 2, -5/19 HPs)
             Began as a Demonspawn Ice Elementalist on May 5, 2022.
             Slain by a goblin
             ... wielding a +0 mace
              (7 damage)
             ... on level 1 of the Dungeon.
             The game lasted 00:02:12 (732 turns).

Icepheonix32 the Chiller (DsIE)                      Turns: 732, Time: 00:02:12

Health: -5/19      AC:  3    Str:  8    XL:     2   Next: 55%
Magic:  0/5        EV: 12    Int: 16    God:
Gold:   31         SH:  0    Dex: 13    Spells: 4/5 levels left

rFire   . . .      SeeInvis .   b - +0 short sword
rCold   . . .      Faith    .   (no shield)
rNeg    . . .      Spirit   .   a - +0 robe
rPois   .          Reflect  .   (no helmet)
rElec   .          Harm     .   (no cloak)
rCorr   .          Rampage  .   (no gloves)
Will    .....                   (no boots)
Stlth   ++........              (no amulet)
HPRegen 0.06/turn               (no ring)
MPRegen 0.09/turn               (no ring)

@: brilliant
A: sharp scales 1
a: no special abilities


You were on level 1 of the Dungeon.
You visited 1 branch of the dungeon, and saw 1 of its levels.

You collected 31 gold pieces.

Inventory:

Hand Weapons
 b - a +0 short sword (weapon)
Armour
 a - a +0 robe (worn)
 c - a +0 pair of gloves


   Skills:
 - Level 1.7 Dodging
 - Level 1.7 Stealth
 - Level 2.0 Spellcasting
 + Level 4.3 Ice Magic


You had 4 spell levels left.
You knew the following spells:

 Your Spells              Type           Power      Damage    Failure   Level
a - Freeze                Ice            92%        1d10      3%          1

Your spell library contained the following spells:

 Spells                   Type           Power      Damage    Failure   Level
 Frozen Ramparts          Ice            46%        1d6       11%         3
 Ozocubu's Armour         Ice            23%        N/A       11%         3
 Sandblast                Erth           4%         2d4       21%         1
 Passwall                 Tmut/Erth      1%         N/A       30%         2
 Stone Arrow              Conj/Erth      4%         3d7       52%         3
 Hailstorm                Conj/Ice       12%        3d5       63%         4


Dungeon Overview and Level Annotations

Branches:
Dungeon (1/15)

Altars:

Shops:
D:1 [


Innate Abilities, Weirdness & Mutations

You are partially covered in razor-sharp scales. (AC +1, Slay +1)


Message History

Confirm with . or Enter, or press ? or * to list all spells.
Aiming: Freeze (safe; 3% risk of failure)
Press: ? - help, Shift-Dir - straight line, f - ball python
Aim: a ball python You feel a surge of power!
You freeze the ball python.
You kill the ball python!
The goblin shouts!
You hear an angry hiss.
Casting: Freeze (safe; 3% risk of failure)
Confirm with . or Enter, or press ? or * to list all spells.
Aiming: Freeze (safe; 3% risk of failure)
Press: ? - help, Shift-Dir - straight line, f - hobgoblin
Aim: a hobgoblin You feel a surge of power!
You freeze the hobgoblin.
The hobgoblin is almost dead.
The hobgoblin barely misses you.
A ball python comes into view.
Casting: Freeze (safe; 3% risk of failure)
Confirm with . or Enter, or press ? or * to list all spells.
Aiming: Freeze (safe; 3% risk of failure)
Press: ? - help, Shift-Dir - straight line, f/p - hobgoblin
Aim: a hobgoblin (almost dead)
You feel a surge of power!
You freeze the hobgoblin!
You kill the hobgoblin!
The jackal bites you but does no damage.
Unknown command.
Casting: Freeze (safe; 3% risk of failure)
Confirm with . or Enter, or press ? or * to list all spells.
Aiming: Freeze (safe; 3% risk of failure)
Press: ? - help, Shift-Dir - straight line, f - jackal
Aim: a jackal You feel a surge of power!
You freeze the jackal.
You kill the jackal!
A ball python comes into view.
The ball python hisses angrily.
You hit the endoplasm.
The endoplasm is lightly wounded.
The goblin closely misses you.
The endoplasm hits you but does no damage.
The goblin hits you with a +0 mace!
You die...

..##..........
.g.........#
..##........#
#.##.hg..#
#.####hh## #.#
#..# #.# #..# #.#
##..#####.##.
#.###..SJ@gS...S.
#..##...#####.###
##........##
#.........# ##
##........# .##
###...##...
..##########...#
....
..............##
.#.
..#############


You could see an endoplasm, a goblin and 3 ball pythons.

Vanquished Creatures
  An endoplasm (D:1)
  A goblin (D:1)
  2 hobgoblins (D:1)
  3 jackals (D:1)
  2 ball pythons (D:1)
  2 bats (D:1)
  A frilled lizard (D:1)
  5 kobolds (D:1)
  A rat (D:1)
18 creatures vanquished.

Notes
Turn   | Place    | Note
-------+----------+-------------------------------------------
     0 | D:1      | Icepheonix32 the Demonspawn Ice Elementalist began the
                  | quest for the Orb.
     0 | D:1      | Reached XP level 1. HP: 13/13 MP: 3/3
    89 | D:1      | Found Husixeem's Antique Armour Emporium.
   337 | D:1      | Reached skill level 4 in Ice Magic
   405 | D:1      | Gained mutation: You are partially covered in razor-sharp
                  | scales. (AC +1, Slay +1) [demonic ancestry]
   405 | D:1      | Reached XP level 2. HP: 19/19 MP: 5/5
   732 | D:1      | Slain by a goblin

Illustrated notes

Levels and vault maps discovered:
D:1:      dpeg_arrival_rooms_a, layout_loops_ring, serial_shops, shop,
          hangedman_decor_push, corexii_corridor_pit

Skill      XL: |  1 |
---------------+----+-----
Ice Magic      | 4 |  4.3
Dodging        | |  1.7
Stealth        | |  1.7
Spellcasting   | |  2.0

Action                   || total
-------------------------++-------
Melee: Short sword       ||    37
 Cast: Freeze            ||    15
  Use: Potion            ||     1
 Stab: Sleeping          ||     1
Armor: Robe              ||    27
Dodge: Dodged            ||    51
